 Dungeon Crawl Stone Soup version 0.29-a0-317-gd16b76e6b1 (webtiles) character file.

Game seed: 2244383410067008614

164441 wakim the Brawler (level 17, -1/178 HPs)
             Began as a Troll Fighter on Mar 31, 2022.
             Was the Champion of Qazlal.
             Killed by the raging water
             ... invoked by a water nymph
              (18 damage)
             ... on level 4 of the Shoals on Apr 1, 2022.
             The game lasted 01:54:53 (28570 turns).

wakim the Brawler (Troll Fighter)                  Turns: 28570, Time: 01:54:53

Health: -1/178     AC: 20    Str: 27    XL:     17   Next: 25%
Magic:  17/21      EV: 16    Int:  4    God:    Qazlal [******]
Gold:   2964       SH: 20    Dex: 18    Spells: 16/16 levels left

rFire   . . .      SeeInvis +     - Unarmed
rCold   . . .      Faith    +   n - +0 kite shield {AC+3}
rNeg    . . .      Spirit   .   m - +5 robe of Night {Dark Will+ SInv}
rPois   .          Reflect  .   a - +2 hat
rElec   .          Harm     .   V - +2 cloak
rCorr   +          Rampage  .   (gloves unavailable)
Will    ++...                   (boots unavailable)
Stlth   +.........              o - amulet of Ira Okow {Faith rCorr Str-3 Dex+5 Stlth+}
HPRegen 1.19/turn               h - +4 ring of evasion
MPRegen 0.17/turn               f - ring of flight

@: protected from physical damage, flying, repel missiles
A: large, unfitting armour, claws 3, regeneration 1, shaggy fur 1, tough skin 1,
low MP 1
a: Renounce Religion, Upheaval, Elemental Force, Disaster Area


You were on level 4 of the Shoals.
You worshipped Qazlal.
Qazlal was exalted by your worship.
You visited 5 branches of the dungeon, and saw 28 of its levels.
You also visited: Bailey and Gauntlet.

You collected 4269 gold pieces.
You spent 1305 gold pieces at shops.

Inventory:

Hand Weapons
 b - the +8 fustibalus "Yhed" {flame, Will+ Str+7}
   (You found it on level 9 of the Dungeon)

   Any ammunition fired from it burns those it strikes, dealing additional fire
   damage.
   Str:       It affects your strength (+7).
   Will:      It increases your willpower.
Missiles
 c - 9 throwing nets {=f!f}
 g - 67 large rocks {=f}
 q - 14 curare-tipped darts {=f}
 D - 24 javelins
 G - a silver javelin
 W - 49 boomerangs (quivered)
Armour
 a - a +2 hat (worn)
 d - a +1 troll leather armour {Snorg}
 m - the +5 robe of Night (worn) {Dark Will+ SInv}
   (You found it in a Gauntlet)

   It shrouds the wearer in darkness, reducing the range at which they can see
   and be seen by others.
   SInv:      It lets you see invisible.
   Will:      It increases your willpower.
 n - a +0 kite shield of protection (worn)
 V - a +2 cloak (worn)
Jewellery
 e - a +4 ring of protection
 f - a ring of flight (right claw)
 h - a +4 ring of evasion (left claw)
 i - a +4 ring of slaying
 k - a ring of fire
 o - the amulet of Ira Okow (around neck) {Faith rCorr Str-3 Dex+5 Stlth+}
   (You found it in a Gauntlet)

   [amulet of faith]

   It allows you to gain divine favour quickly.
   Str:       It affects your strength (-3).
   Dex:       It affects your dexterity (+5).
   rCorr:     It protects you from acid and corrosion.
   Stlth:     It makes you more stealthy.
 s - a +4 ring of evasion
 P - a ring of protection from cold
 S - a ring of fire
Wands
 j - a wand of acid (10)
 p - a wand of iceblast (20)
 t - a wand of digging (7)
 y - a wand of paralysis (23)
 z - a wand of polymorph (15)
Scrolls
 r - 4 scrolls of identify
 Q - 4 scrolls of immolation {!r!r}
 R - 3 scrolls of magic mapping {!r}
 T - 18 scrolls of teleportation
 U - 8 scrolls of fear
 X - 3 scrolls of fog
 Y - 5 scrolls of blinking {!r}
 Z - a scroll of silence {!r}
Potions
 A - 3 potions of ambrosia
 B - 5 potions of attraction {!q}
 C - a potion of berserk rage {!q}
 E - 3 potions of cancellation
 F - 5 potions of curing
 H - 7 potions of haste
 I - 5 potions of invisibility
 J - 8 potions of heal wounds
 K - 2 potions of magic
 L - 3 potions of lignification {!q}
 M - 8 potions of mutation {!q}
 N - 6 potions of might
 O - 4 potions of resistance
Miscellaneous
 l - a condenser vane
 v - a lightning rod (4/4)
 w - a phial of floods
 x - a piece from Xom's chessboard (15/15)


   Skills:
 + Level 13.2 Fighting
 + Level 10.7 Throwing
 - Level 6.0 Dodging
 - Level 10.0 Shields
 + Level 17.2 Unarmed Combat
 + Level 11.0 Invocations
 * Level 6.8 Evocations


You had 16 spell levels left.
You didn't know any spells.
Your spell library contained the following spells:

 Spells                   Type           Power      Damage    Failure   Level
 Animate Skeleton         Necr           0%         N/A       71%         1
 Freeze                   Ice            0%         1d3       71%         1
 Magic Dart               Conj           0%         1d3       71%         1
 Pain                     Necr           0%         1d4       71%         1
 Sting                    Tmut/Pois      0%         1d3       71%         1
 Summon Small Mammal      Summ           0%         N/A       71%         1
 Call Imp                 Summ           0%         N/A       85%         2
 Poisonous Vapours        Pois/Air       0%         N/A       85%         2
 Scorch                   Fire           0%         2d5       85%         2
 Call Canine Familiar     Summ           0%         N/A       97%         3
 Frozen Ramparts          Ice            0%         1d2       97%         3
 Mephitic Cloud           Conj/Pois/Air  0%         N/A       97%         3
 Summon Guardian Golem    Hex/Summ       0%         N/A       97%         3
 Vampiric Draining        Necr           0%         2d6       97%         3
 Animate Dead             Necr           0%         N/A       100%        4
 Dispel Undead            Necr           0%         3d6       100%        4
 Flame Wave               Conj/Fire      0%         2d4       100%        4
 Hailstorm                Conj/Ice       0%         3d3       100%        4
 Ice Form                 Ice/Tmut       0%         N/A       100%        4
 Olgreb's Toxic Radiance  Pois           0%         N/A       100%        4
 Summon Ice Beast         Ice/Summ       0%         N/A       100%        4
 Blade Hands              Tmut           0%         N/A       100%        5
 Borgnjor's Vile Clutch   Necr/Erth      0%         N/A       100%        5
 Irradiate                Conj/Tmut      0%         3d13      100%        5
 Death Channel            Necr           0%         N/A       100%        6
 Simulacrum               Ice/Necr       0%         N/A       100%        6
 Summon Cactus Giant      Summ           0%         N/A       100%        6
 Dragon Form              Tmut           0%         N/A       100%        7
 Ozocubu's Refrigeration  Ice            0%         4d5       100%        7
 Ignition                 Fire           0%         3d3       100%        8
 Chain Lightning          Conj/Air       0%         N/A       100%        9
 Fire Storm               Conj/Fire      0%         5d1       100%        9
 Shatter                  Erth           0%         3d5*      100%        9


Dungeon Overview and Level Annotations

Branches:
Dungeon (15/15)            Temple (1/1) D:6            Lair (6/6) D:11
 Shoals (4/4) Lair:3        Snake (0/4) Lair:2        Slime (0/5) Lair:6
    Orc (2/2) D:12            Elf (0/3) Orc:2        Vaults (0/5) D:13
 Depths (0/4) D:15         Bailey (visited)         Gauntlet (visited)

Altars:
Ashenzari
Cheibriados
Dithmenos
Elyvilon
Fedhas
Gozag
Hepliaklqana
Kikubaaqudgha
Makhleb
Nemelex Xobeh
Okawaru
Qazlal
Ru
Sif Muna
Trog
Uskayaw
Vehumet
Wu Jian
Xom
Yredelemnul
Zin
The Shining One
Beogh
Lugonu

Shops:
D:3 !?   Orc:1 [   Orc:2 (:[!(   Shoals:2 !*   Shoals:3 =

Annotations:
Shoals:1 1 runed translucent door


Innate Abilities, Weirdness & Mutations

You are too large for most types of armour.
You have claws for hands.
Your natural rate of healing is unusually fast.
You are covered in fur. (AC +1)
You have tough skin. (AC +1)
Your magical capacity is low. (-10% MP)


Message History

Your water elemental hits the water nymph.
Your water elemental engulfs the water nymph in water! 57/178 (+2)
Your air elemental fires a burst of electricity at the water nymph.
The stunning burst hits the water nymph!
The water nymph is paralysed.
The stunning burst hits the manticore!
The manticore is paralysed.
Your air elemental fires a burst of electricity at the water nymph.
The stunning burst hits the water nymph!
The stunning burst hits the manticore!
The alligator snapping turtle bites your earth elemental!!
Your water elemental hits the water nymph!!
The water nymph dies!
Qazlal accepts your kill.
The water nymph gestures at you while chanting.
The water rises up and strikes you!
* * * LOW HITPOINT WARNING * * *
Your earth elemental completely misses the alligator snapping turtle.
Your water elemental hits the manticore! 41/178 (-16)
Your water elemental disappears in a puff of smoke!
The manticore is no longer paralysed.
Your air elemental closely misses the manticore.
Your air elemental fires a burst of electricity at the manticore.
The stunning burst hits the manticore.
The manticore is paralysed.
The water nymph gestures at you while chanting.
The water rises up and strikes you!!
* * * LOW HITPOINT WARNING * * *
16/178 (-25)
Your water elemental disappears in a puff of smoke!
The manticore is no longer paralysed.
Your air elemental hits the manticore!
Your air elemental closely misses the manticore.
Your earth elemental hits the alligator snapping turtle but does no damage.
The manticore bites your air elemental! The manticore claws your air elemental.
The manticore claws your air elemental!
Your air elemental is destroyed!
Your air elemental disappears in a puff of smoke!
The water nymph points at you and mumbles some strange words.
The water rises up and strikes you!!
You die...

≈≈≈ ...# ≈≈≈≈≈≈≈# :≈.#
≈≈≈≈≈≈≈≈# ≈≈.# ≈≈≈≈≈≈≈≈H##
m≈##≈ ≈≈≈≈≈≈≈≈§§##)##≈≈
≈≈≈≈≈≈≈≈≈≈≈Et≈≈≈≈
≈≈≈≈≈≈≈≈≈≈§§°§≈≈≈
≈≈≈≈≈≈≈≈≈≈≈≈☼°≈≈≈
≈≈≈≈≈≈≈≈≈≈§@§....
≈≈≈≈≈≈≈≈≈≈.......
≈≈≈≈≈≈≈≈≈☼☼......
≈≈≈≈≈≈≈≈...≈≈≈≈≈.
≈≈≈≈≈.≈..≈≈≈≈≈≈≈≈
≈≈≈......≈≈≈≈≈≈≈≈....
≈≈..##.....≈≈≈≈≈≈≈...
≈≈≈≈.###...≈≈≈≈≈≈≈≈≈≈.≈≈...
≈≈≈≈..###..≈≈≈≈≈≈≈≈≈≈.≈≈...


You could see an alligator snapping turtle (slow, ally target), a manticore
(unaware), a water nymph and a friendly earth elemental (summoned).

Vanquished Creatures
  Nikola (Shoals:1)
  Rupert (D:13)
  Mlioglotl (Shoals:2)
  Polyphemus (Shoals:3)
  A kraken (Shoals:1)
  Ilsuiw (Shoals:4)
  The ghost of Crownlay the Eclecticist, a journeyman GrEE of Vehumet (Orc:2)
  A dire elephant (Gauntlet)
  A minotaur (Gauntlet)
  Snorg (Lair:6)
  3 merfolk javelineers (Shoals:4)
  3 merfolk impalers
  4 vault guards (D:13)
  Harold (Lair:2)
  2 boulder beetles
  4 hydras
  An anaconda (Lair:6)
  9 catoblepae
  A merfolk aquamancer (Shoals:2)
  7 centaur warriors
  5 merfolk avatars
  2 death knights
  An alligator snapping turtle (Shoals:3)
  3 satyrs
  4 two-headed ogres
  13 death yaks
  A deep troll earth mage (D:13)
  A vampire mage (D:15)
  4 orc high priests (Orc:2)
  Urug (Lair:4)
  5 tengu warriors
  A storm dragon zombie (D:15)
  A soul eater (Gauntlet)
  2 fire crabs
  8 skeletal warriors
  9 sea snakes
  An orange crystal statue (D:15)
  A harpy (shapeshifter) (D:13)
  An obsidian statue (D:15)
  3 orc knights
  9 harpies
  A phantasmal warrior (D:11)
  18 manticores
  A necromancer (D:15)
  2 oklob plants (Lair:6)
  A lindwurm (Lair:6)
  A shining eye (shapeshifter) (D:13)
  5 ugly things
  An orc sorcerer (Orc:2)
  A frost giant zombie (D:15)
  8 fauns
  A deep elf pyromancer (D:15)
  12 cyclopes
  A salamander (shapeshifter) (D:13)
  An ice statue (D:15)
  A guardian serpent (Lair:2)
  3 water nymphs
  3 apocalypse crabs (Shoals:1)
  7 merfolk sirens
  A black mamba (Lair:5)
  Maurice (D:8)
  13 elephants
  5 torpor snails
  A frost giant skeleton (D:15)
  3 gargoyles
  Maggie (D:7)
  18 cane toads
  A rime drake (Lair:1)
  12 komodo dragons
  An efreet (D:13)
  3 freezing wraiths
  A yaktaur (shapeshifter) (D:9)
  A kobold demonologist (D:11)
  2 tengu conjurers (D:15)
  7 trolls
  16 merfolk
  Prince Ribbit (D:9)
  An ettin zombie (D:15)
  4 wind drakes
  3 hornets
  16 slime creatures
  17 dream sheep
  8 snapping turtles
  14 blink frogs
  9 water elementals
  A shadow (D:10)
  Sigmund (D:3)
  4 wyverns
  5 wraiths
  3 vampires
  4 basilisks
  54 yaks
  Grum (D:8)
  11 vampire mosquitoes
  Menkaure (D:7)
  4 steam dragons
  4 swamp worms (D:11)
  3 wargs
  3 acid dragons
  An acid dragon (shapeshifter) (D:13)
  21 water moccasins
  36 orc warriors
  3 ice beasts
  6 ogres
  3 wolves (D:8)
  A black bear (Lair:3)
  7 centaurs
  A phantom (D:4)
  4 kobold brigands
  A gnoll sergeant (D:11)
  15 bullfrogs
  A scorpion (D:8)
  A necrophage (D:5)
  6 wights
  10 killer bees (D:9)
  4 howler monkeys
  2 electric eels
  3 jellies
  4 hounds
  A gnoll shaman (D:8)
  36 orc priests
  14 hell rats
  Ijyb (D:5)
  2 iguanas
  37 orc wizards
  29 gnolls
  10 adders
  A river rat (D:11)
  4 shadow imps (Gauntlet)
  A white imp (D:7)
  4 ufetubi
  2 worms
  6 dart slugs
  97 orcs
  5 ball pythons
  3 bats
  6 endoplasms
  13 goblins
  18 hobgoblins
  10 jackals
  35 kobolds
  4 quokkas
  2 frilled lizards
  6 rats
  5 briar patches (D:11)
930 creatures vanquished.

Vanquished Creatures (collateral kills)
  A merfolk aquamancer (Shoals:3)
  A sea snake (Shoals:4)
  2 harpies (Shoals:2)
  A manticore (Shoals:4)
  3 merfolk sirens
  A water nymph (Shoals:4)
  A merfolk (Shoals:2)
  3 dream sheep (Lair:6)
  A water elemental (Shoals:2)
14 creatures vanquished.

Vanquished Creatures (others)
  A merfolk (Shoals:3)
  A vampire mosquito (D:13)
  An orc wizard (D:4)
  22 demonic plants (Gauntlet)
  16 fungi
  62 plants
  9 tentacles (Shoals:1)
  3 withered plants (D:15)
115 creatures vanquished.

Grand Total: 1059 creatures vanquished

Notes
Turn   | Place    | Note
-------+----------+-------------------------------------------
     0 | D:1      | wakim the Troll Fighter began the quest for the Orb.
     0 | D:1      | Reached XP level 1. HP: 22/22 MP: 0/0
   206 | D:1      | Reached XP level 2. HP: 29/29 MP: 1/1
   229 | D:1      | Got the Grimoire of Sinister Rituals
   574 | D:2      | Reached XP level 3. HP: 25/36 MP: 2/2
   716 | D:2      | Reached skill level 1 in Throwing
  1177 | D:3      | Reached XP level 4. HP: 44/44 MP: 3/3
  1180 | D:3      | Reached skill level 3 in Unarmed Combat
  1273 | D:3      | Found a faded altar of an unknown god.
  1639 | D:3      | Found Cunuoc Duri's Distillery.
  1704 | D:3      | Found Coogesch's Magic Scroll Boutique.
  1720 | D:3      | Bought a scroll of fear for 35 gold pieces
  1720 | D:3      | Bought a scroll of magic mapping for 35 gold pieces
  1720 | D:3      | Bought a scroll of teleportation for 30 gold pieces
  1727 | D:3      | Noticed Sigmund
  1737 | D:3      | Killed Sigmund
  1738 | D:3      | Reached skill level 4 in Unarmed Combat
  1738 | D:3      | Reached XP level 5. HP: 53/53 MP: 4/4
  1754 | D:3      | Bought a potion of heal wounds for 70 gold pieces
  2014 | D:4      | Reached XP level 6. HP: 61/61 MP: 5/5
  2623 | D:3      | Bought a potion of curing for 42 gold pieces
  2799 | D:4      | Reached XP level 7. HP: 66/68 MP: 6/6
  2816 | D:4      | Reached skill level 5 in Unarmed Combat
  3120 | D:5      | Entered Level 5 of the Dungeon
  3255 | D:5      | Noticed Ijyb
  3271 | D:5      | Killed Ijyb
  3475 | D:5      | Reached skill level 5 in Shields
  3574 | D:5      | Reached skill level 6 in Unarmed Combat
  3592 | D:5      | You are sucked into a shaft and drop 3 floors!
  3668 | D:8      | Reached XP level 8. HP: 43/78 MP: 7/7
  3960 | D:7      | Noticed Maggie
  4064 | D:7      | Killed Maggie
  4065 | D:7      | Reached skill level 7 in Unarmed Combat
  4328 | D:7      | Noticed Menkaure
  4338 | D:7      | Killed Menkaure
  4671 | D:6      | Found a staircase to the Ecumenical Temple.
  4676 | D:6      | Noticed a two-headed ogre
  4688 | D:6      | Killed a two-headed ogre
  4689 | D:6      | Reached skill level 5 in Fighting
  4689 | D:6      | Reached skill level 8 in Unarmed Combat
  4689 | D:6      | Reached XP level 9. HP: 33/88 MP: 8/8
  4728 | Temple   | Entered the Ecumenical Temple
  4840 | Temple   | Became a worshipper of Qazlal Stormbringer
  5351 | D:6      | Reached skill level 1 in Invocations
  5781 | D:6      | Reached * piety under Qazlal
  6681 | D:9      | Found a flagged portal.
  6702 | Bailey   | Entered a bailey
  6783 | Bailey   | Noticed an orc knight
  6787 | Bailey   | Identified the +3 leather armour "Unnuimp" {Will- MP+9
                  | Str+3 Dex+4}
  6843 | Bailey   | Killed an orc knight
  6844 | Bailey   | Reached skill level 9 in Unarmed Combat
  6844 | Bailey   | Reached XP level 10. HP: 52/98 MP: 10/10
  6987 | Bailey   | Reached ** piety under Qazlal
  7356 | D:8      | Noticed Grum
  7459 | D:8      | Killed Grum
  7581 | D:8      | Noticed Maurice
  7595 | D:8      | Killed Maurice
  7886 | D:8      | Reached skill level 10 in Unarmed Combat
  7966 | D:8      | Identified a scroll of acquirement
  7966 | D:8      | Acquired 1069 gold pieces
  8061 | D:9      | Reached *** piety under Qazlal
  8146 | D:9      | Found an opulent altar of Gozag.
  8150 | D:9      | Found a shadowy altar of Dithmenos.
  8164 | D:9      | Found a white marble altar of Elyvilon.
  8170 | D:9      | Found a sacrificial altar of Ru.
  8173 | D:9      | Found a sparkling altar of Nemelex Xobeh.
  8179 | D:9      | Found a glowing golden altar of the Shining One.
  8299 | D:9      | Reached XP level 11. HP: 87/103 MP: 12/12
  8465 | D:9      | Identified the +8 fustibalus "Yhed" {flame, Will+ Str+7}
  8467 | D:9      | !bestwep
  8546 | D:9      | Noticed Prince Ribbit
  8566 | D:9      | Killed Prince Ribbit
  8947 | D:10     | Entered Level 10 of the Dungeon
  9788 | D:11     | Found a gate leading to a gauntlet.
  9814 | D:11     | Noticed a death yak
  9817 | D:11     | Noticed a two-headed ogre
  9831 | D:10     | Killed a death yak
  9833 | D:11     | Noticed a death yak
  9834 | D:11     | Noticed a death yak
  9840 | D:10     | Killed a two-headed ogre
  9841 | D:10     | Reached skill level 11 in Unarmed Combat
  9860 | D:11     | Reached **** piety under Qazlal
  9871 | D:10     | Killed a death yak
  9884 | D:10     | Killed a death yak
  9885 | D:10     | Reached skill level 5 in Throwing
  9911 | Gauntlet | Entered a Gauntlet
  9911 | Gauntlet | Noticed a soul eater
  9911 | Gauntlet | Found a transporter.
  9911 | Gauntlet | Found a transporter.
  9911 | Gauntlet | Found a transporter.
  9921 | Gauntlet | Found a transporter.
  9922 | Gauntlet | Found a transporter.
  9925 | Gauntlet | Found a transporter.
  9933 | Gauntlet | Found a transporter.
  9934 | Gauntlet | Found a transporter.
  9936 | Gauntlet | Found a transporter.
  9939 | Gauntlet | Noticed a dire elephant
  9944 | Gauntlet | Noticed a reaper
  9946 | Gauntlet | Found a transporter.
  9949 | Gauntlet | Found a transporter.
 10036 | Gauntlet | Found a transporter.
 10190 | Gauntlet | Killed a soul eater
 10291 | Gauntlet | Killed a dire elephant
 10292 | Gauntlet | Reached skill level 5 in Invocations
 10299 | Gauntlet | Reached XP level 12. HP: 77/118 MP: 14/14
 10306 | Gauntlet | Reached skill level 10 in Shields
 10307 | Gauntlet | Identified the amulet of Ira Okow {Faith rCorr Str-3 Dex+5
                  | Stlth+}
 10357 | Gauntlet | Found the +5 robe of Night {Dark Will+ SInv}
 10357 | Gauntlet | Noticed a minotaur
 10378 | Gauntlet | Killed a minotaur
 10641 | D:11     | Found a transporter.
 10665 | D:11     | Found a staircase to the Lair.
 10994 | D:11     | Found a transporter.
 11396 | D:11     | Identified the +0 helmet of Free Will {Harm}
 11424 | D:12     | Reached skill level 12 in Unarmed Combat
 11454 | D:12     | Noticed a boulder beetle
 11466 | D:12     | Killed a boulder beetle
 11831 | D:12     | Noticed a death knight
 11931 | Lair:1   | Entered Level 1 of the Lair of Beasts
 12112 | Lair:1   | Identified the +3 leather armour of Failure {Fly rF+++ rC-
                  | Will-}
 13294 | Lair:2   | Reached XP level 13. HP: 109/130 MP: 16/16
 13294 | Lair:2   | Noticed Harold
 13303 | Lair:2   | Killed Harold
 13320 | Lair:2   | Reached skill level 13 in Unarmed Combat
 13470 | Lair:2   | Reached ***** piety under Qazlal
 13586 | Lair:2   | Found a staircase to the Snake Pit.
 13783 | Lair:2   | !bestwep
 14051 | Lair:3   | Found a staircase to the Shoals.
 14316 | Lair:3   | Found a snail-covered altar of Cheibriados.
 14971 | Lair:4   | Noticed Urug
 14984 | Lair:4   | Killed Urug
 15685 | Lair:5   | Reached skill level 5 in Dodging
 15722 | Lair:5   | Reached skill level 10 in Fighting
 16095 | Lair:5   | Reached skill level 14 in Unarmed Combat
 16440 | Lair:6   | Entered Level 6 of the Lair of Beasts
 16545 | Lair:6   | Reached XP level 14. HP: 143/143 MP: 18/18
 17081 | Lair:6   | Found a staircase to the Slime Pits.
 17173 | Lair:6   | Reached ****** piety under Qazlal
 17672 | Lair:6   | Noticed Snorg
 17694 | Lair:6   | Killed Snorg
 17695 | Lair:6   | Reached skill level 15 in Unarmed Combat
 18427 | D:12     | Found a staircase to the Orcish Mines.
 18916 | Orc:1    | Entered Level 1 of the Orcish Mines
 19317 | Orc:2    | Entered Level 2 of the Orcish Mines
 19547 | Orc:2    | Found a staircase to the Elven Halls.
 19596 | Orc:2    | Found Coasaki's Antique Weapon Emporium.
 19698 | Orc:2    | Reached XP level 15. HP: 108/154 MP: 20/20
 20082 | Orc:2    | Found Ruafaone's Distillery.
 20083 | Orc:2    | Found Zeqekkero's Antique Weapon Shop.
 20084 | Orc:2    | Found Tyto Qoe's Antique Armour Boutique.
 20086 | Orc:2    | Found Zifaosk's Book Boutique.
 20089 | Orc:2    | Bought a potion of curing for 45 gold pieces
 20089 | Orc:2    | Bought a potion of invisibility for 120 gold pieces
 20089 | Orc:2    | Bought 2 potions of heal wounds for 150 gold pieces
 20089 | Orc:2    | Bought a potion of berserk rage for 75 gold pieces
 20089 | Orc:2    | Bought a potion of cancellation for 120 gold pieces
 20135 | Orc:2    | Found a runed translucent door.
 20140 | Orc:2    | Noticed Crownlay's ghost (journeyman GrEE)
 20470 | Orc:2    | Killed Crownlay's ghost
 20537 | Orc:1    | Found Liefacw's Antique Armour Boutique.
 20549 | Orc:1    | Bought a runed hat for 175 gold pieces
 20935 | D:13     | Gained mutation: Your magical capacity is low. (-10% MP) [a
                  | shining eye]
 21060 | D:13     | Reached skill level 16 in Unarmed Combat
 21207 | D:13     | Noticed Rupert
 21216 | D:13     | Killed Rupert
 21538 | D:13     | Found a gate to the Vaults.
 21911 | D:14     | Reached skill level 1 in Evocations
 22775 | D:15     | Entered Level 15 of the Dungeon
 22965 | D:15     | Reached XP level 16. HP: 120/167 MP: 19/19
 23225 | D:15     | Found a staircase to the Depths.
 23309 | D:15     | Identified the +3 bardiche "Fofriol" {vorpal, rN++}
 23795 | Shoals:1 | Entered Level 1 of the Shoals
 23844 | Shoals:1 | Found a runed translucent door.
 23848 | Shoals:1 | Reached skill level 10 in Invocations
 23850 | Shoals:1 | Found a corrupted altar of Lugonu.
 24095 | Shoals:1 | Noticed Nikola
 24116 | Shoals:1 | Killed Nikola
 24276 | Shoals:1 | Noticed a kraken
 24290 | Shoals:1 | Killed a kraken
 25252 | Shoals:2 | Reached skill level 10 in Throwing
 25382 | Shoals:2 | Noticed Mlioglotl
 25389 | Shoals:2 | Killed Mlioglotl
 25390 | Shoals:2 | Reached skill level 5 in Evocations
 25454 | Shoals:2 | Found Epnaroe's CLEARANCE SALE!.
 26102 | Shoals:2 | Found Zad Xiz's Distillery.
 26109 | Shoals:2 | Bought a potion of might for 68 gold pieces
 26109 | Shoals:2 | Bought a potion of might for 68 gold pieces
 26109 | Shoals:2 | Bought 2 potions of ambrosia for 272 gold pieces
 27014 | Shoals:3 | Reached skill level 17 in Unarmed Combat
 27293 | Shoals:3 | Reached XP level 17. HP: 176/176 MP: 21/21
 27479 | Shoals:3 | Found the +6 lightning scales {swift, rElec}
 27680 | Shoals:3 | Found Wouheh's Jewellery Shop.
 27945 | Shoals:4 | Entered Level 4 of the Shoals
 27962 | Shoals:4 | Noticed Polyphemus
 28114 | Shoals:4 | Noticed Ilsuiw
 28156 | Shoals:3 | Killed Polyphemus
 28499 | Shoals:4 | Killed Ilsuiw
 28570 | Shoals:4 | Killed from afar by a water nymph

Illustrated notes #..... ##...## #.... #......# #.###.## ..#.. #..###.# #.#.#+## .#.... #......# #......# #.....# #......####......# # #................... #.....#........#.... #.##..#...........#. #..........○@....... #....############### #.##.'.....) #.##.#...... #....######. #........# #.#......# #........#### #............ Turn 8467 on D:9: !bestwep

.................................
.............†...................
........†.............÷÷.........
###.#########..#........#######P.
### ####........# ###. #........#
#... ##.○......# ##.. #.........#
##. #P@.......## #.. ##..○.<....#
#.. #.☼......## ##. ##.°......#
#. #PP.......# #. #.P....^..# ##.
#.........# #.. #.........## ##.
##.........# #.


Turn 13783 on Lair:2: !bestwep

Levels and vault maps discovered:
D:1:      evilmike_arrival_rings, layout_rooms
D:2:      layout_basic, minmay_tall_x
D:3:      layout_loops_ring, hellmonk_ecumenical_altar_pennies_from_heaven,
          serial_shops, shop_scrolls, nicolae_shop_waterfront,
          hangedman_decor_push, serial_bayou_lagoon_b, uniq_sigmund
D:4:      cheibrodos_barr_body, layout_basic
D:5:      layout_loops_ring, minivault_14, goddamned_bats, uniq_ijyb
D:6:      corexii_shantytown, layout_layer_cave, minmay_temple_entry_offerings
D:7:      corexii_shack_village, layout_cave_pods, uniq_menkaure, uniq_maggie
D:8:      minmay_polygon_palace, layout_gridville, uniq_maurice, uniq_grum
D:9:      minmay_diamond_stairs, layout_stronghold,
          nicolae_overflow_hallway_of_the_gods, enter_bailey_4,
          grunt_ministairs_14, uniq_prince_ribbit1
D:10:     layout_small_grid
D:11:     gammafunk_worm_tunnel, layout_long_grid, dpeg_lair_monsters,
          gauntlet_entry_generic
D:12:     layout_cave_pods, orc_0_dummy
D:13:     layout_roguey, lightli_vaults_fourway_checkpoint, nzn_random_ring,
          uniq_rupert
D:14:     layout_basic, minmay_parallelograms,
          portal_ice_cave_entry_pillars_three, grunt_ministairs_14,
          grunt_decor_mini_mirrors
D:15:     gammafunk_depths_entry_grave, layout_rooms, serial_park_tiny_2,
          minivault_16, david_greed
Temple:   eino_temple_rhombus
Lair:1:   wad_woods_structure_01, layout_gridlike
Lair:2:   layout_big_grid, minmay_snake_entry_spellcaster,
          nicolae_lair_lil_pond, uniq_harold
Lair:3:   layout_long_grid, shoals_dummy_entry, kennysheep_snail_temple,
          serial_bayou_shore_a, serial_bayou_shore_b
Lair:4:   layout_gridlike, wad_woods_road_05, uniq_urug
Lair:5:   layout_concentric_octagons
Lair:6:   evilmike_catoblepas_cave, layout_long_grid,
          minmay_slime_entry_oklob_enclosed, minmay_shattered_shrine, uniq_snorg
Shoals:1: layout_shoals, nicolae_shoals_abyss_on_the_beach, uniq_nikola
Shoals:2: nicolae_shoals_island_circles, layout_shoals, serial_shops,
          nicolae_shop_advertising_works [nicolae_subvault_shop_adworks],
          nicolae_shop_clearance, uniq_mlioglotl
Shoals:3: layout_shoals, serial_shops, shop
Shoals:4: shoals_end_simple, layout_shoals, shoals_ilsuiw_alternative,
          uniq_polyphemus
Orc:1:    layout_caves, serial_shops, nicolae_shop_waterfront,
          nicolae_orc_lost_temple
Orc:2:    st_orc_mages, layout_caves, serial_shops, nicolae_shop_trees,
          hellmonk_ghost_happy_afterlife

Skill      XL: |  1  2  3  4  5  6  7  8  9 10 11 12 13 14 15 16 17 |
---------------+----------------------------------------------------+-----
Throwing       | 1 2 4 5 6 7 8 9 10 | 10.7
Unarmed Combat | 4 6 8 9 10 11 12 14 15 16 17 | 17.2
Shields        | 3 4 5 7 8 9 10 | 10.0
Fighting       | 3 4 5 6 7 8 10 11 12 13 | 13.2
Invocations    | 2 3 5 6 7 8 9 10 11 | 11.0
Dodging        | 3 5 6 |  6.0
Evocations     | 2 6 |  6.8

Action                   |  1- 3 |  4- 6 |  7- 9 | 10-12 | 13-15 | 16-18 || total
-------------------------+-------+-------+-------+-------+-------+-------++-------
Melee: Unarmed           |    87 |   140 |   315 |   778 |  1230 |   565 ||  3115
 Fire: Fustibalus        |       |       |       |    25 |    40 |       ||    65
Throw: Stone             |    38 |    47 |    33 |     6 |       |       ||   124
       Dart              |       |       |    10 |     5 |     5 |       ||    20
       Boomerang         |       |       |    14 |       |    13 |    81 ||   108
       Large rock        |       |       |       |       |       |     1 ||     1
Invok: Upheaval          |       |       |       |     2 |    11 |     9 ||    22
       Disaster Area     |       |       |       |       |     2 |       ||     2
       Elemental Force   |       |       |       |       |     1 |     5 ||     6
Evoke: Wand              |       |       |    10 |     3 |     1 |       ||    14
       Lightning rod     |       |       |       |     2 |     4 |       ||     6
       Condenser vane    |       |       |       |       |     2 |     1 ||     3
       Piece from Xom's  |       |       |       |       |       |     1 ||     1
  Use: Scroll            |       |     5 |     4 |    13 |     7 |       ||    29
       Potion            |       |       |       |     5 |     1 |     1 ||     7
 Stab: Sleeping          |     1 |     1 |     2 |       |       |       ||     4
       Petrified         |       |       |       |       |    10 |       ||    10
       Petrifying        |       |       |       |       |     4 |       ||     4
       Distracted        |       |       |       |       |       |     2 ||     2
       Paralysed         |       |       |       |       |       |     1 ||     1
Armor: Robe              |    22 |    35 |    41 |    32 |   181 |   139 ||   450
       Steam dragon scal |       |       |     3 |    12 |       |       ||    15
       Troll leather arm |       |       |       |    63 |       |       ||    63
Dodge: Dodged            |    32 |    32 |   118 |   328 |   455 |   281 ||  1246
       Repelled          |       |       |       |       |     5 |     1 ||     6
Block: Kite shield       |    31 |    43 |   137 |   539 |  1022 |   610 ||  2382

Table legend: (Time is in decaauts)
 A = Elapsed time spent in this place.
 B = Non-inter-level travel time spent in this place.
 C = Inter-level travel time spent in this place.
 D = Time resting spent in this place.
 E = Time spent auto-exploring this place.
 F = Levels seen in this place.
 G = Mean time per level.
                   A        B        C        D        E       F      G
               +--------+--------+--------+--------+--------+-----+--------+
         Total |  28293 |  26470 |   1823 |   1180 |  18296 |  30 |  943.1 |
       Dungeon |  14518 |  13524 |    994 |    363 |   9224 |  15 |  967.9 |
        Temple |    143 |    129 |     14 |      0 |    112 |   1 |  143.0 |
          Lair |   6323 |   5756 |    567 |     15 |   4594 |   6 | 1053.8 |
        Shoals |   4705 |   4519 |    186 |    739 |   2849 |   4 | 1176.2 |
  Orcish Mines |   1709 |   1648 |     61 |     63 |   1150 |   2 |  854.5 |
        Bailey |    356 |    356 |      0 |      0 |    128 |   1 |  356.0 |
      Gauntlet |    536 |    536 |      0 |      0 |    239 |   1 |  536.0 |
               +--------+--------+--------+--------+--------+-----+--------+

Top non-repeatable levels by time:
Shoals:2: 1586 daAuts
     D:8: 1526 daAuts
  Lair:1: 1514 daAuts
  Lair:6: 1476 daAuts
Shoals:3: 1461 daAuts
Shoals:1: 1418 daAuts
     D:6: 1406 daAuts
    D:12: 1238 daAuts
     D:4: 1094 daAuts
    D:11: 1088 daAuts
    D:13: 1088 daAuts
   Orc:2: 1082 daAuts
     D:9: 1082 daAuts
  Lair:3: 1079 daAuts
    D:14: 959 daAuts
